Description

copy/test

Build Order

Get SALT Encoding   

  12  0:00  SCV  
  13  0:12  SCV  
  14  0:17  Supply Depot  
  14  0:24  SCV  
  15  0:39  SCV  
  15  0:40  Barracks  
  16  0:44  Refinery  
  16  0:51  SCV  
  17  1:03  SCV  
  18  1:15  SCV  
  19  1:27  Reaper, Orbital Command  
  20  1:39  Command Center  
  20  1:52  Supply Depot  
  20  1:53  SCV  
  21  1:59  Marine  
  22  2:05  SCV  
  23  2:08  Factory  
  23  2:17  SCV, Marine  
  25  2:29  SCV  
  26  2:39  Barracks Reactor  
  26  2:41  SCV  
  27  2:44  Command Center  
  27  2:52  Orbital Command  
  27  2:53  SCV  
  28  3:02  Starport  
  29  3:05  SCV  
  29  3:08  Refinery  
  29  3:17  SCV  
  30  3:21  Hellion x2  
  34  3:29  SCV x2  
  36  3:40  Viking  
  38  3:41  SCV  
  38  3:42  SCV  
  38  3:43  Refinery  
  38  3:44  Hellion  
  43  3:53  SCV  
  43  3:55  SCV  
  44  3:59  Fusion Core, Orbital Command  
  44  4:05  SCV  
  44  4:07  SCV, Supply Depot  
  44  4:09  Hellion  
  48  4:10  Hellion  
  48  4:14  Starport Tech Lab  
  50  4:18  Refinery, SCV  
  50  4:19  SCV  
  52  4:24  SCV  
  52  4:30  SCV, Supply Depot  
  54  4:33  Hellion x2  
  54  4:38  SCV  
  60  4:44  SCV  
  60  4:48  Battlecruiser  
  60  4:50  SCV  
  67  4:53  Supply Depot  
  67  4:58  Hellion x2  
  67  4:59  SCV  
  72  5:04  SCV  
  73  5:17  Factory x2, Supply Depot  
  73  5:18  SCV x2  
  75  5:22  Hellion x2  
  75  5:25  SCV  
  80  5:30  SCV x2  
  82  5:37  SCV  
  82  5:38  Supply Depot  
  82  5:42  SCV x2  
  85  5:44  Armory  
  85  5:46  Armory  
  85  5:49  SCV  
  84  5:53  Hellion  
  84  5:54  SCV x2  
  84  6:01  SCV  
  82  6:06  SCV x2  
  82  6:07  Factory Tech Lab x2  
  83  6:13  Weapon Refit, SCV  
  84  6:18  SCV x2  
  84  6:21  Battlecruiser  
  93  6:25  SCV  
  93  6:27  Supply Depot  
  93  6:30  SCV x2  
  93  6:32  Refinery x2  
  95  6:37  SCV  
  95  6:39  Terran Vehicle Weapons Level 1, Terran Vehicle And Ship Armor Level 1  
  96  6:42  SCV  
  96  6:44  SCV  
  98  6:49  Engineering Bay, SCV  
  98  6:50  Siege Tank x2, Supply Depot  
  98  6:51  Supply Depot  
  98  6:53  Supply Depot  
  105  7:00  SCV x2  
  107  7:03  SCV  
  107  7:07  Command Center  
  108  7:12  SCV x2, Hellion x2  
  115  7:15  SCV, Supply Depot  
  115  7:22  Missile Turret  
  115  7:24  SCV  
  115  7:25  Battlecruiser  
  115  7:29  Cyclone x2  
  128  7:44  SCV x3  
  130  7:46  Missile Turret  
  130  7:47  Missile Turret  
  130  7:49  Factory, Missile Turret  
  130  7:50  Factory  
  130  7:51  Missile Turret  
  131  7:54  Supply Depot  
  131  7:56  SCV  
  131  7:57  Widow Mine  
  131  7:58  Widow Mine  
Spawning Tool Build Advisor. Get it on Overwolf

Go to:

Details

  • Created by: randomguy19372
  • Published on: Mar 04, 2022
  • Modified on: Mar 04, 2022
  • Patch: 4.11.0
  • Difficulty: Easy
Show
View Real Time Build Order
Export as new Build Order

Comments (0)

There are no comments. Be the first!

Create an account to comment!